 Dungeon Crawl Stone Soup version 0.18-a0-1350-g404b4cb (webtiles) character file.

21 hellophilly the Grave Robber (level 2, -1/19 HPs)
             Began as a Demonspawn Necromancer on Feb 18, 2016.
             Slain by an adder (3 damage)
             ... on level 1 of the Dungeon.
             The game lasted 00:06:28 (833 turns).

hellophilly the Grave Robber (DsNe)                  Turns: 833, Time: 00:06:31

Health: -1/19      AC:  2    Str:  8    XL:     2   Next: 62%
Magic:  4/5        EV: 12    Int: 16    God:
Gold:   64         SH:  0    Dex: 13    Spells: 2 memorised, 3 levels left

rFire  . . .     SeeInvis .     o - +0 dagger
rCold  . . .     Gourm    .     a - +0 robe
rNeg   . . .     Faith    .     (no shield)
rPois  .         Spirit   .     (no helmet)
rElec  .         Dismiss  .     (no cloak)
rCorr  .         Reflect  .     (no gloves)
SustAt .         Harm     .     (no boots)
MR     .....                    (no amulet)
Stlth  ++........               (no ring)
                                (no ring)

@: lethally poisoned (-1 -> -10), not resistant to hostile enchantments,
unstealthy
A: powered by pain 1
a: no special abilities


You were on level 1 of the Dungeon.
You were not hungry.

You visited 1 branch of the dungeon, and saw 1 of its levels.

You collected 64 gold pieces.

Inventory:

Hand Weapons
 i - a +0 whip
 j - a +0 club
 m - a +0 mace
 o - a +0 dagger (weapon)
 r - a +0 dagger
 t - a +0 short sword
Missiles
 e - 15 poisoned needles
 k - 26 stones (quivered)
Armour
 a - a +0 robe (worn)
 n - a +0 shield
Scrolls
 d - a scroll of immolation {unknown}
 f - 3 scrolls of amnesia {unknown}
 g - a scroll of enchant weapon {unknown}
 q - a scroll of fog {unknown}
 s - a scroll of remove curse {unknown}
 u - a scroll of fear {unknown}
Potions
 h - a potion of might {unknown}
 p - a potion of ambrosia {unknown}
Books
 b - a book of Necromancy

   Spells                             Type                      Level
   a - Pain                           Necromancy                   1
   b - Animate Skeleton               Necromancy                   1
   c - Vampiric Draining              Necromancy                   3
   d - Regeneration                   Charms/Necromancy            3
   e - Animate Dead                   Necromancy                   4
   f - Control Undead                 Necromancy                   4
Comestibles
 c - 2 bread rations
 l - 3 chunks of flesh


   Skills:
 + Level 1.9 Dodging
 + Level 1.8 Stealth
 + Level 2.2 Spellcasting
 + Level 4.9 Necromancy


You had 3 spell levels left.
You knew the following spells:

 Your Spells              Type           Power        Failure   Level  Hunger
a - Pain                  Necr           ###.         2%          1    #......
b - Animate Skeleton      Necr           N/A          2%          1    #......


Dungeon Overview and Level Annotations

Branches:
Dungeon (1/15)

Altars:


Innate Abilities, Weirdness & Mutations

You sometimes gain a little power by taking damage.


Message History

You hit the adder.
The adder is moderately wounded.
The adder bites you but does no damage.
You closely miss the adder.
The adder is moderately wounded.
The adder closely misses you.
You barely miss the adder.
The adder is moderately wounded.
The adder bites you.
* * * LOW HITPOINT WARNING * * *
You are lethally poisoned!
The adder poisons you!
You barely miss the adder.
The adder is moderately wounded.
* * * LOW HITPOINT WARNING * * *
You feel sick. The adder bites you.
* * * LOW HITPOINT WARNING * * *
You are more poisoned.
The adder poisons you! The adder bites you.
You die...

###.#####.##Z# ##
..Z.......##.# ###.########.#
### #.......##.# ..#
#####.....##.##############.#
....+.....................#.#
##.##.....##Z#####......#Z#.#
.#.##.....##.....#.####.#.#.#
.#........######@#.#..#.#...#.#
.#.............†.S......##†.#.#
.#...##+#####...............#.#
.#...........................>#
.##########################.#.#
.# #.#.# .# #.#.# .# ######
#...# .# #....# ##..#


You could see an adder and a friendly giant newt skeleton.

Vanquished Creatures
  A giant gecko (D:1)
  2 bats (D:1)
  2 giant cockroaches (D:1)
  3 goblins (D:1)
  3 hobgoblins (D:1)
  A giant newt (D:1)
  2 kobolds (D:1)
  3 rats (D:1)
17 creatures vanquished.

Vanquished Creatures (collateral kills)
  A giant cockroach (D:1)
1 creature vanquished.

Grand Total: 18 creatures vanquished

Notes
Turn   | Place    | Note
--------------------------------------------------------------
     0 | D:1      | hellophilly the Demonspawn Necromancer began the quest for the Orb.
     0 | D:1      | Reached XP level 1. HP: 13/13 MP: 3/3
   514 | D:1      | Gained mutation: You sometimes gain a little power by taking damage. [demonic ancestry]
   514 | D:1      | Reached XP level 2. HP: 8/19 MP: 5/5
   518 | D:1      | Learned a level 1 spell: Animate Skeleton
   833 | D:1      | Slain by an adder

Vault maps used:
D:1:      wheals_arrival_linesprint

Action                   || total
-------------------------++-------
Melee: Whip              ||    11
       Unarmed           ||    10
       Dagger            ||    10
       Mace              ||     1
 Cast: Pain              ||    17
       Animate Skeleton  ||     3
 Stab: Sleeping          ||     1
